 Dungeon Crawl Stone Soup version 0.23.2-33-g5129a83184 (webtiles) character file.

Game seed: 1467189324431121648

282 dragonscale333 the Cudgeler (level 6, -2/38 HPs)
             Began as a Gargoyle Gladiator on July 3, 2019.
             Was an Initiate of the Shining One.
             Incinerated by troglodite's ghost (7 damage)
             ... with a sticky flame
             ... on level 4 of the Dungeon.
             The game lasted 00:06:55 (3461 turns).

dragonscale333 the Cudgeler (Gargoyle Gladiator)    Turns: 3461, Time: 00:06:56

Health: -2/38      AC: 11    Str: 19    XL:     6   Next: 28%
Magic:  6/6        EV: 12    Int:  9    God:    the Shining One [......]
Gold:   280        SH:  8    Dex: 11    Spells: 5/5 levels left

rFire    . . .     SeeInvis .   g - +2 whip (flame)
rCold    . . .     Gourm    .   m - +0 buckler
rNeg     + . .     Faith    .   q - +3 leather armour {MR+}
rPois    ∞         Spirit   .   k - +1 hat
rElec    +         Reflect  +   (no cloak)
rCorr    .         Harm     .   (no gloves)
MR       ++...                  (no boots)
Stlth    +.........             s - +4 amulet of reflection
HPRegen  0.12/turn              n - ring of protection from magic
MPRegen  0.10/turn              (no ring)

@: liquid flames, glowing
A: negative energy resistance 1, electricity resistance, unbreathing,
petrification resistance, rot immunity, AC +4
a: Renounce Religion


You were on level 4 of the Dungeon.
You worshipped the Shining One.
The Shining One was noncommittal.
You were not hungry.

You visited 1 branch of the dungeon, and saw 4 of its levels.

You collected 280 gold pieces.

Inventory:

Hand Weapons
 a - a +0 flail
 g - a +2 whip of flaming (weapon)
Missiles
 d - 2 throwing nets (quivered)
Armour
 k - a +1 hat (worn)
 m - a +0 buckler (worn)
 q - a +3 leather armour of magic resistance (worn)
Jewellery
 n - a ring of protection from magic (left hand)
 s - a +4 amulet of reflection (around neck)
 t - an uncursed ring of flight
Scrolls
 b - a scroll of amnesia
 e - 4 scrolls of remove curse
Potions
 c - a potion of agility
 h - a potion of curing {unknown}
 i - 3 potions of might
 j - a potion of resistance {unknown}
 l - a potion of mutation {unknown}
 o - 3 potions of lignification {unknown}
 u - 2 potions of brilliance {unknown}
 v - a potion of haste {unknown}
Comestibles
 f - 7 rations
 w - 3 chunks of flesh


   Skills:
 - Level 4.0 Fighting
 - Level 5.0 Maces & Flails
 - Level 1.7 Throwing
 - Level 2.4 Dodging
 + Level 3.5 Shields


You had 5 spell levels left.
You didn't know any spells.
Your spell library was empty.

Dungeon Overview and Level Annotations

Branches:
Dungeon (4/15)
 Temple: D:4-7

Altars:
Elyvilon
Nemelex Xobeh
The Shining One

Annotations:
D:4 troglodite's ghost, novice GnWn


Innate Abilities, Weirdness & Mutations

You are resistant to torment.
Your stone body is resilient. (AC +4)
You are immune to poison.
You resist negative energy. (rN+)
You are resistant to electric shocks. (rElec)
You can survive without breathing.
You are immune to petrification.
You are immune to rotting.


Message History

You hit the leopard gecko. You burn the leopard gecko.
You kill the leopard gecko!
Troglodite's ghost sprays you with burning goo.
The sticky flame hits you but does no damage.
You are covered in liquid flames!
You hit troglodite's ghost. You burn troglodite's ghost.
Troglodite's ghost is moderately damaged.
You are covered in liquid flames!
Troglodite's ghost casts a spell at you.
You are frozen.
You miss troglodite's ghost.
Troglodite's ghost is moderately damaged.
You are covered in liquid flames!
* * * LOW HITPOINT WARNING * * *
Your surroundings suddenly seem different.
You are covered in liquid flames!
* * * LOW HITPOINT WARNING * * *
Troglodite's ghost says, "Do you think the gods will protect you?"
You are covered in liquid flames!
You die...

#.##.'...+l.#.##########
#.##.#...##W#...........
#.##.#...##.#.##########
#.##.#...##.#####
#.##.#..........#
..##+#....#.###l#
......###+#...#.#
...........## #W#
.......@...+ #.#
####.......####.####
#..........W....#
#############†..# #...#
#####


You could see troglodite's ghost.

Vanquished Creatures
  A bullfrog (D:4)
  A centaur skeleton (D:4)
  Terence (D:2)
  A worker ant (D:4)
  5 adders
  2 worms
  3 leopard geckos
  5 orcs (D:3)
  3 ball pythons
  4 giant cockroaches
  9 goblins
  7 hobgoblins
  8 jackals
  2 quokkas
  9 bats
  3 frilled lizards
  11 kobolds
  9 rats
84 creatures vanquished.

Notes
Turn   | Place    | Note
-------+----------+-------------------------------------------
     0 | D:1      | dragonscale333 the Gargoyle Gladiator began the quest for
                  | the Orb.
     0 | D:1      | Reached XP level 1. HP: 12/12 MP: 1/1
   164 | D:1      | Reached XP level 2. HP: 12/19 MP: 2/2
   843 | D:1      | Reached XP level 3. HP: 22/24 MP: 3/3
  1649 | D:2      | Noticed Terence
  1661 | D:2      | Killed Terence
  1661 | D:2      | Reached skill level 4 in Maces & Flails
  1661 | D:2      | Reached XP level 4. HP: 23/29 MP: 4/4
  2129 | D:2      | Found a white marble altar of Elyvilon.
  2406 | D:3      | Reached XP level 5. HP: 33/33 MP: 5/5
  2832 | D:3      | Found a sparkling altar of Nemelex Xobeh.
  3154 | D:3      | Reached skill level 5 in Maces & Flails
  3160 | D:3      | Found a glowing golden altar of the Shining One.
  3274 | D:3      | Became a worshipper of the Shining One
  3314 | D:4      | Reached skill level 1 in Shields
  3388 | D:4      | Found a runed translucent door.
  3409 | D:4      | Noticed troglodite's ghost (novice GnWn)
  3431 | D:4      | Reached XP level 6. HP: 28/38 MP: 6/6
  3461 | D:4      | Incinerated by troglodite's ghost

Skill      XL: |  1  2  3  4  5 |
---------------+----------------+-----
Fighting       | 3 4 |  4.0
Maces & Flails | 4 5 |  5.0
Shields        | 3 |  3.5
Throwing       | |  1.7
Dodging        | |  2.4

Action                   |  1- 3 |  4- 6 || total
-------------------------+-------+-------++-------
Melee: Flail             |   143 |    25 ||   168
       Whip              |       |    94 ||    94
Throw: Throwing net      |     1 |       ||     1
  Use: Scroll            |     3 |     9 ||    12
  Eat: Chunk             |     3 |     5 ||     8
Armor: Leather armour    |    94 |    34 ||   128
Dodge: Dodged            |   104 |    42 ||   146
Block: Buckler           |       |    26 ||    26
